[Event "Titled Tuesday Blitz May 11 2021"]
[White "Vogel, Roven"]
[Black "Priyanka, K"]
[WhiteFideId "12908088"]
[BlackFideId "5082986"]
[WhiteElo "2516"]
[BlackElo "1893"]
[Result "1-0"]
[Round "03"]
[TimeControl "180+1"]
[Date "2021.05.11"]
[WhiteClock "0:01:01"]
[BlackClock "0:00:02"]

1. d4 Nf6 2. c4 g6 3. Nc3 Bg7 4. g3 d6 5. Nf3 O-O 6. Bg2 Nc6 7. O-O Bg4 8. d5 Bxf3 9. exf3 Ne5 10. b3 c5 11. dxc6 Nxc6 12. Bb2 Nd7 13. f4 a6 14. Qd2 Nc5 15. Rad1 Qd7 16. Rfe1 Rad8 17. Nd5 f6 18. b4 Na4 19. b5 Nxb2 20. bxc6 Nxc4 21. cxd7 Nxd2 22. Rxd2 Rxd7 23. Rxe7 Rxe7 24. Nxe7+ Kf7 25. Nd5 Rc8 26. Bf3 f5 27. Re2 Bf8 28. a4 Rc4 29. Rb2 Rxa4 30. Rxb7+ Ke6 31. Rxh7 Rd4 32. Nc7+ Kf6 33. Nxa6 Rc4 34. Nc7 Rc1+ 35. Kg2 Rd1 1-0


[Site "https://www.chess.com"]

[Event "Titled Tuesday Blitz May 11 2021"]
[White "Xiong, Jeffery"]
[Black "Vlassov, Nikolai"]
[WhiteFideId "2047640"]
[BlackFideId "4103360"]
[WhiteElo "2724"]
[BlackElo "2407"]
[Result "1-0"]
[Round "03"]
[TimeControl "180+1"]
[Date "2021.05.11"]
[WhiteClock "0:01:11"]
[BlackClock "0:00:08"]

1. d4 Nf6 2. c4 Nc6 3. d5 Ne5 4. Qd4 Ng6 5. h4 e5 6. dxe6 dxe6 7. Qxd8+ Kxd8 8. Nf3 h6 9. h5 Ne7 10. Nc3 Bd7 11. Bf4 Nc6 12. O-O-O Bb4 13. Nb5 Rc8 14. a3 Bc5 15. e3 a6 16. Nc3 Ke7 17. Be2 Rhd8 18. Bg3 Ke8 19. b4 Be7 20. Kb2 Ng4 21. Nd4 Nge5 22. Nb3 f5 23. b5 Bf6 24. bxc6 Bxc6 25. Nd4 Bd7 26. c5 Bc6 27. Nxe6 Rxd1 28. Rxd1 Bxg2 29. Kc2 c6 30. Rg1 Be4+ 31. Nxe4 fxe4 32. Bxe5 Bxe5 33. Nxg7+ Kf7 34. Nf5 Rf8 35. Nxh6+ Ke7 36. Ng4 Bh8 37. h6 Rf5 38. Rb1 Rxc5+ 39. Kd1 b5 40. Rb4 Rd5+ 41. Kc2 c5 42. Rxe4+ Kf7 43. a4 c4 44. axb5 axb5 45. f4 Rh5 46. Ne5+ Rxe5 47. fxe5 1-0


[Site "https://www.chess.com"]

[Event "Titled Tuesday Blitz May 11 2021"]
[White "Zhigalko, Sergei"]
[Black "Rud_Makarian"]
[WhiteFideId "13502956"]
[WhiteElo "2662"]
[BlackElo "2701"]
[Result "1-0"]
[Round "03"]
[TimeControl "180+1"]
[Date "2021.05.11"]
[WhiteClock "0:00:15"]
[BlackClock "0:00:54"]

1. e4 e5 2. Nf3 Nc6 3. Bc4 Nf6 4. d3 Bc5 5. O-O d6 6. Nbd2 h6 7. c3 a5 8. Re1 Ba7 9. Nf1 O-O 10. Ng3 Be6 11. Bb5 Ne7 12. Nh4 c6 13. Ba4 b5 14. Bc2 Bg4 15. Qd2 Ng6 16. Nhf5 Nh5 17. Nxh5 Bxh5 18. Nxg7 Bg4 19. Qxh6 Qf6 20. Nf5 Bxf5 21. Bg5 Qe6 22. exf5 Qxf5 23. d4 Qe6 24. Re3 f5 25. Rxe5 Qf7 26. Rxf5 Qg7 27. Rxf8+ Rxf8 28. Qxg6 1-0


[Site "https://www.chess.com"]

[Event "Titled Tuesday Blitz May 11 2021"]
[White "Zubov, Alexander"]
[Black "Willychess95"]
[WhiteFideId "14109409"]
[WhiteElo "2740"]
[BlackElo "2612"]
[Result "1-0"]
[Round "03"]
[TimeControl "180+1"]
[Date "2021.05.11"]
[WhiteClock "0:00:04"]
[BlackClock "0:00:01"]

1. d4 Nf6 2. c4 e6 3. Nf3 Bb4+ 4. Nbd2 b6 5. a3 Bxd2+ 6. Bxd2 Bb7 7. Bf4 O-O 8. e3 d6 9. Be2 Nbd7 10. O-O h6 11. h3 Ne4 12. Rc1 f5 13. b4 a5 14. c5 Bd5 15. cxd6 cxd6 16. bxa5 Rxa5 17. a4 Qa8 18. Bb5 Ndf6 19. Rc7 Ra7 20. Qc2 g5 21. Bh2 g4 22. hxg4 fxg4 23. Nh4 Qb8 24. Rc1 Bb3 25. Qxb3 Rxc7 26. Qxe6+ Kg7 27. Rf1 Qc8 28. Nf5+ Kh7 29. Qxc8 Rfxc8 30. Nxd6 Nxd6 31. Bxd6 Rc1 32. Rxc1 Rxc1+ 33. Kh2 h5 34. Be5 Kg6 35. Bd3+ Kf7 36. Kg3 Ra1 37. Bc2 Ke7 38. Bb3 Rb1 39. Bc4 Rc1 40. Bb5 Ne4+ 41. Kf4 Rc2 42. Kxe4 Rxf2 43. g3 h4 44. gxh4 Rf1 45. d5 Re1 46. d6+ Ke6 47. d7 Rd1 48. Bc7 Ke7 49. d8=Q+ 1-0


[Site "https://www.chess.com"]

[Event "Titled Tuesday Blitz May 11 2021"]
[White "dropstoneDP"]
[Black "Gusarov, Grigory"]
[BlackFideId "24102172"]
[WhiteElo "2891"]
[BlackElo "2241"]
[Result "1-0"]
[Round "03"]
[TimeControl "180+1"]
[Date "2021.05.11"]
[WhiteClock "0:02:30"]
[BlackClock "0:01:40"]

1. e4 c6 2. d4 d5 3. f3 dxe4 4. fxe4 e5 5. Nf3 Bg4 6. c3 Nd7 7. Bd3 Bd6 8. O-O Ngf6 9. Bg5 O-O 10. Nbd2 b5 11. Qe1 Qb6 12. Kh1 Qc7 13. Qh4 Bxf3 14. Rxf3 h6 15. Bxh6 gxh6 16. Qxh6 Nh7 17. Rg3+ 1-0


[Site "https://www.chess.com"]

[Event "Titled Tuesday Blitz May 11 2021"]
[White "gurelediz"]
[Black "Koridze, Lile"]
[BlackFideId "13612514"]
[WhiteElo "2729"]
[BlackElo "1978"]
[Result "0-1"]
[Round "03"]
[TimeControl "180+1"]
[Date "2021.05.11"]
[WhiteClock "0:00:30"]
[BlackClock "0:00:54"]

1. e4 c5 2. Nf3 d6 3. d4 cxd4 4. Nxd4 Nf6 5. Nc3 Nc6 6. Bg5 e6 7. Qd2 a6 8. O-O-O Bd7 9. f4 b5 10. Nxc6 Bxc6 11. e5 dxe5 12. Qxd8+ Rxd8 13. Rxd8+ Kxd8 14. fxe5 h6 15. Bh4 g5 16. Bg3 Nh5 17. Bd3 Nxg3 18. hxg3 Bxg2 19. Rh2 Bc6 20. Rf2 Ke7 21. Be4 Bxe4 22. Nxe4 Bg7 23. Nf6 Bxf6 24. exf6+ Kd6 25. Kd2 Ke5 26. Ke3 Rg8 27. b3 Rg6 28. c4 bxc4 29. bxc4 Rxf6 30. Rd2 Rf1 31. Rd7 f5 32. Kd2 Rf2+ 33. Kc3 Rxa2 34. c5 Ra1 35. Kb2 Ra5 36. c6 Rc5 37. c7 f4 38. gxf4+ gxf4 39. Kb3 f3 40. Kb4 Rc2 41. Rf7 f2 42. Ka5 Rxc7 43. Rxf2 Rc6 44. Rh2 Kd5 45. Rxh6 e5 46. Rh1 e4 47. Rd1+ Ke5 48. Kb4 e3 49. Rd8 e2 50. Re8+ Re6 0-1


[Site "https://www.chess.com"]

[Event "Titled Tuesday Blitz May 11 2021"]
[White "miragha_yev"]
[Black "Megalios, Konstantinos"]
[BlackFideId "4238044"]
[WhiteElo "2767"]
[BlackElo "2298"]
[Result "1-0"]
[Round "03"]
[TimeControl "180+1"]
[Date "2021.05.11"]
[WhiteClock "0:00:20"]
[BlackClock "0:00:02"]

1. e4 e5 2. Bc4 Nf6 3. d3 Nc6 4. Nc3 Na5 5. Bb3 d6 6. f4 Nxb3 7. axb3 Bg4 8. Nf3 exf4 9. Bxf4 Be7 10. O-O O-O 11. h3 Be6 12. Nd4 c5 13. Nxe6 fxe6 14. e5 Nd5 15. exd6 Nxf4 16. dxe7 Qxe7 17. Qg4 e5 18. Rae1 Rae8 19. Re3 b6 20. Ref3 Ne6 21. Nd5 Qd7 22. Rxf8+ Rxf8 23. Nf6+ Rxf6 24. Rxf6 Qd4+ 25. Qxd4 Nxd4 26. Rd6 Nxc2 27. Rd7 Nb4 28. Kf2 a5 29. Rd6 b5 30. Ke2 Nc2 31. Rd5 Nd4+ 32. Ke3 Nxb3 33. Rxe5 Kf7 34. d4 cxd4+ 35. Kd3 b4 36. Rb5 Ke6 37. g4 h6 38. Kc2 Na1+ 39. Kd3 Nb3 40. Kc4 Nd2+ 41. Kxd4 Nf3+ 42. Ke3 Ne5 43. Rb6+ Kd5 44. Rb7 Nc4+ 45. Ke2 g5 46. Rb5+ Kd4 47. b3 Nd6 48. Rxa5 Ne4 49. Ra6 Kc3 50. Rxh6 Kxb3 51. Re6 Nc5 52. Re5 Kc4 53. Rxg5 b3 54. Kd1 Ne4 55. Rg8 Nf2+ 56. Kc1 Nxh3 57. g5 Kd5 58. g6 Ke6 59. g7 Kf7 60. Rh8 b2+ 61. Kxb2 Kxg7 62. Rxh3 1-0


[Site "https://www.chess.com"]

[Event "Titled Tuesday Blitz May 11 2021"]
[White "Anton Guijarro, David"]
[Black "Morefield, Jason"]
[WhiteFideId "2285525"]
[BlackFideId "30920825"]
[WhiteElo "2629"]
[BlackElo "2171"]
[Result "1-0"]
[Round "04"]
[TimeControl "180+1"]
[Date "2021.05.11"]
[WhiteClock "0:00:50"]
[BlackClock "0:00:20"]

1. c4 c6 2. Nf3 d5 3. e3 Nf6 4. Nc3 e6 5. b3 Nbd7 6. Qc2 Bd6 7. Bb2 b6 8. cxd5 exd5 9. Nxd5 cxd5 10. Qc6 Qe7 11. Qxa8 O-O 12. Qxa7 Ne4 13. Be2 f5 14. Rc1 f4 15. O-O g5 16. Qa8 Ndf6 17. Rxc8 Rxc8 18. Qxc8+ Kg7 19. Bd3 g4 20. Qxg4+ 1-0


[Site "https://www.chess.com"]

[Event "Titled Tuesday Blitz May 11 2021"]
[White "Bluebaum, Matthias"]
[Black "Koridze, Lile"]
[WhiteFideId "24651516"]
[BlackFideId "13612514"]
[WhiteElo "2685"]
[BlackElo "1978"]
[Result "0-1"]
[Round "04"]
[TimeControl "180+1"]
[Date "2021.05.11"]
[WhiteClock "0:00:02"]
[BlackClock "0:00:18"]

1. d4 Nf6 2. c4 e6 3. Nc3 Bb4 4. e3 O-O 5. Bd2 d5 6. Nf3 c5 7. a3 Bxc3 8. Bxc3 b6 9. dxc5 bxc5 10. cxd5 Nxd5 11. Qc2 Bb7 12. Be2 Nc6 13. O-O Qe7 14. Rfd1 Rfd8 15. Be1 Rac8 16. Rac1 Qf6 17. Rd2 Ne5 18. Nxe5 Qxe5 19. Rcd1 Qg5 20. Bf1 f5 21. e4 Nf4 22. Rxd8+ Rxd8 23. Rxd8+ Qxd8 24. exf5 Qg5 25. f3 Nh3+ 26. Kh1 Qe3 27. gxh3 Bxf3+ 0-1


[Site "https://www.chess.com"]

[Event "Titled Tuesday Blitz May 11 2021"]
[White "Borsuk, Konstantin"]
[Black "Demchenko, Anton"]
[WhiteFideId "14113406"]
[BlackFideId "4160258"]
[WhiteElo "2363"]
[BlackElo "2593"]
[Result "0-1"]
[Round "04"]
[TimeControl "180+1"]
[Date "2021.05.11"]
[WhiteClock "0:02:19"]
[BlackClock "0:02:32"]

1. d4 Nf6 2. c4 g6 3. Nc3 d6 4. e4 Bg7 5. f3 e5 6. d5 Nfd7 7. Be3 Bh6 8. Bxh6 Qh4+ 9. g3 Qxh6 10. Qd2 Qxd2+ 11. Kxd2 f5 12. exf5 gxf5 13. Nb5 Na6 14. b4 Ke7 15. Bd3 c6 16. dxc6 bxc6 17. Nc3 Nxb4 18. Bxf5 Nb6 19. c5 Nc4+ 0-1


[Site "https://www.chess.com"]

[Event "Titled Tuesday Blitz May 11 2021"]
[White "Dang, Hoang Son"]
[Black "Le, Tuan Minh"]
[WhiteFideId "12402435"]
[BlackFideId "12401153"]
[WhiteElo "2248"]
[BlackElo "2450"]
[Result "0-1"]
[Round "04"]
[TimeControl "180+1"]
[Date "2021.05.11"]
[WhiteClock "0:00:20"]
[BlackClock "0:00:18"]

1. d4 Nf6 2. c4 Nc6 3. d5 Ne5 4. Qc2 e6 5. dxe6 dxe6 6. Nf3 Ng6 7. e3 b6 8. Nc3 Bb7 9. Bd2 Bd6 10. Bd3 Qe7 11. a3 O-O 12. O-O-O Rfd8 13. Kb1 Ne5 14. Be2 a6 15. Bc1 b5 16. c5 Bxc5 17. Nxe5 b4 18. axb4 Bxb4 19. Bf3 c5 20. Na2 Nd5 21. Nxb4 Nxb4 22. Qc4 Bd5 23. Bxd5 exd5 24. Qf4 d4 25. exd4 Qe6 26. d5 Nxd5 27. Qe4 Nb4 0-1


[Site "https://www.chess.com"]

[Event "Titled Tuesday Blitz May 11 2021"]
[White "Dubov, Daniil"]
[Black "Quintiliano Pinto, Renato R."]
[WhiteFideId "24126055"]
[BlackFideId "2117568"]
[WhiteElo "2722"]
[BlackElo "2439"]
[Result "1-0"]
[Round "04"]
[TimeControl "180+1"]
[Date "2021.05.11"]
[WhiteClock "0:01:54"]
[BlackClock "0:00:02"]

1. d4 d5 2. c4 c6 3. Nf3 Nf6 4. Nc3 dxc4 5. e4 b5 6. Be2 e6 7. O-O Bb7 8. Rb1 b4 9. e5 Nd5 10. Ne4 Nd7 11. Bxc4 c5 12. Bg5 Qb6 13. Re1 h6 14. Bh4 cxd4 15. Nxd4 Bc5 16. Nf5 O-O 17. Nxh6+ gxh6 18. Qg4+ Kh8 19. Qh5 f5 20. Qxh6+ Kg8 21. Qg6+ Kh8 22. Ng5 1-0


[Site "https://www.chess.com"]

[Event "Titled Tuesday Blitz May 11 2021"]
[White "Gunina, Valentina"]
[Black "Mukhutdinov, Tigran"]
[WhiteFideId "4167570"]
[BlackFideId "34108570"]
[WhiteElo "2399"]
[BlackElo "2154"]
[Result "1-0"]
[Round "04"]
[TimeControl "180+1"]
[Date "2021.05.11"]
[WhiteClock "0:00:14"]
[BlackClock "0:00:15"]

1. d4 Nf6 2. c4 g6 3. Nc3 d5 4. cxd5 Nxd5 5. e4 Nxc3 6. bxc3 Bg7 7. Bc4 c5 8. Ne2 Nc6 9. Be3 O-O 10. O-O Qc7 11. Rc1 b6 12. Bf4 e5 13. Bg3 Qe7 14. d5 Na5 15. Bd3 Nb7 16. Qd2 Nd6 17. c4 f5 18. exf5 gxf5 19. f3 Bd7 20. Rce1 Rae8 21. Nc3 Qf6 22. Nd1 Bh6 23. Qf2 f4 24. Bh4 Bg5 25. Bxg5 Qxg5 26. Nc3 Bf5 27. Qd2 Qg6 28. Ne4 Bxe4 29. Bxe4 Qf6 30. Bc2 Re7 31. Qd3 a6 32. a4 Rb8 33. Rb1 e4 34. fxe4 Rxe4 35. Qh3 Re7 36. Qg4+ Rg7 37. Qxf4 Qxf4 38. Rxf4 b5 39. axb5 axb5 40. cxb5 Rxb5 41. Rbf1 Rb8 42. Rf6 Rd8 43. Re1 Rf7 44. Rh6 Nf5 45. Rh5 Ng7 46. Rg5 h6 47. Rge5 c4 48. R5e4 Rxd5 49. Rxc4 Rd2 50. Rc8+ Rf8 51. Bb3+ 1-0


[Site "https://www.chess.com"]

[Event "Titled Tuesday Blitz May 11 2021"]
[White "Idani, Pouya"]
[Black "Keymer, Vincent"]
[WhiteFideId "12510130"]
[BlackFideId "12940690"]
[WhiteElo "2610"]
[BlackElo "2474"]
[Result "1-0"]
[Round "04"]
[TimeControl "180+1"]
[Date "2021.05.11"]
[WhiteClock "0:00:05"]
[BlackClock "0:00:01"]

1. e4 c6 2. d4 d5 3. e5 Bf5 4. g4 Be4 5. f3 Bg6 6. e6 Nf6 7. exf7+ Kxf7 8. Nh3 c5 9. Ng5+ Kg8 10. Qe2 Qc8 11. dxc5 Nc6 12. Qe6+ Qxe6+ 13. Nxe6 Bf7 14. Nxf8 Kxf8 15. Na3 Rc8 16. Be3 d4 17. Bf2 Bd5 18. Bb5 Bxf3 19. O-O Bxg4 20. Bxc6 bxc6 21. Bxd4 Rd8 22. Rf4 Be6 23. c3 Kf7 24. Nc2 Rhe8 25. Nb4 Bd7 26. Nd3 Kg8 27. Ne5 Rc8 28. b4 Be6 29. a4 a6 30. Re1 Bb3 31. a5 Bf7 32. h4 h6 33. Kh2 Rf8 34. Rg1 Kh7 35. Nd7 Rfd8 36. Ne5 Bh5 37. Rf2 Rg8 38. Rfg2 Rc7 39. Kh3 Rcc8 40. Rg3 Be8 41. Kg2 Bh5 42. Kf1 Rcf8 43. Ke1 Rc8 44. Nd3 Ne4 45. Re3 Nf6 46. Rxe7 Rce8 47. Bxf6 Rxe7+ 48. Bxe7 Re8 49. Kf2 Rxe7 50. Nf4 Bf7 51. Re1 Rd7 52. Re3 g5 53. hxg5 hxg5 54. Nd3 Bd5 55. Ne5 Rc7 56. Kg3 Kg7 57. c4 Be6 58. Rd3 Kf6 59. Re3 Kf5 60. Re1 Kf6 61. Ng4+ Kf7 62. Re5 Rd7 63. Rxg5 Rd3+ 64. Kf2 Rd4 65. Ne5+ Kf6 66. Nf3 Rxc4 67. Rh5 Rxb4 68. Rh6+ Kf5 69. Nh4+ Ke5 70. Ng6+ Ke4 71. Ne7 Rb2+ 72. Kg3 1-0


[Site "https://www.chess.com"]

[Event "Titled Tuesday Blitz May 11 2021"]
[White "Jacobson, Brandon"]
[Black "Sethuraman, S.P."]
[WhiteFideId "30901561"]
[BlackFideId "5021596"]
[WhiteElo "2362"]
[BlackElo "2477"]
[Result "1-0"]
[Round "04"]
[TimeControl "180+1"]
[Date "2021.05.11"]
[WhiteClock "0:00:19"]
[BlackClock "0:00:06"]

1. d4 d5 2. c4 c6 3. cxd5 cxd5 4. Nc3 Nf6 5. Bf4 Nc6 6. e3 a6 7. Be2 Ne4 8. Nf3 Nxc3 9. bxc3 e6 10. O-O Bd6 11. Bxd6 Qxd6 12. c4 dxc4 13. Bxc4 O-O 14. Bd3 h6 15. Rc1 Bd7 16. Qb3 Qb4 17. Qc2 Qd6 18. Rb1 Nb4 19. Bh7+ Kh8 20. Qd2 Bb5 21. Rfc1 Nxa2 22. Qxa2 Kxh7 23. Ne5 Kg8 24. Rc5 Rfc8 25. Rbc1 Rxc5 26. Rxc5 Rd8 27. Qc2 Be8 28. h3 b6 29. Rc7 a5 30. Ra7 a4 31. Qe4 Qd5 32. Qf4 f6 33. Ng4 Qd6 34. Nxf6+ Kh8 35. Qxd6 Rxd6 36. Nxe8 Rd8 37. Nc7 Rc8 38. Nxe6 b5 39. Nc5 1-0


[Site "https://www.chess.com"]

[Event "Titled Tuesday Blitz May 11 2021"]
[White "Janaszak, Dawid"]
[Black "Visakh N R"]
[WhiteFideId "1119206"]
[BlackFideId "25012223"]
[WhiteElo "2332"]
[BlackElo "2428"]
[Result "0-1"]
[Round "04"]
[TimeControl "180+1"]
[Date "2021.05.11"]
[WhiteClock "0:00:04"]
[BlackClock "0:00:06"]

1. e4 c5 2. Nc3 e6 3. f4 d5 4. Nf3 Nc6 5. Bb5 Ne7 6. Ne5 Bd7 7. Nxd7 Qxd7 8. O-O dxe4 9. Nxe4 Qd4+ 10. Nf2 Qxf4 11. d3 Qd4 12. Qf3 a6 13. c3 Qd7 14. Ne4 Ng6 15. Bxc6 bxc6 16. Be3 f5 17. Nxc5 Bxc5 18. Bxc5 Kf7 19. d4 Rhe8 20. Rae1 Kg8 21. b4 Qd5 22. Qxd5 cxd5 23. a4 Nf8 24. a5 Nd7 25. Rf2 Nf6 26. Rf3 Ne4 27. h3 g6 28. Kh2 Rac8 29. Ree3 e5 30. dxe5 Nxc5 31. bxc5 Rxc5 32. Rf4 Rxa5 33. Rb4 Rb5 34. Ra4 a5 35. Kg3 g5 36. Kf3 Rc5 37. g3 Kf7 38. Ra3 h5 39. Rb3 Re7 40. Rb6 Re6 41. Rb7+ Kg6 42. Rb8 g4+ 43. hxg4 fxg4+ 44. Ke2 Rc4 45. Ra8 Re4 46. Rxa5 R6xe5 47. Rxe4 Rxe4+ 48. Kd3 Re1 49. Kd4 Rg1 50. Kxd5 Rxg3 51. c4 Kg5 52. Kd6+ Kh4 53. c5 Rd3+ 54. Ke5 g3 55. c6 Rc3 56. Ra4+ Kh3 57. Kd5 g2 58. Ra1 Kh2 0-1


[Site "https://www.chess.com"]

[Event "Titled Tuesday Blitz May 11 2021"]
[White "Jarovinsky, Alexey"]
[Black "Sevian, Samuel"]
[WhiteFideId "14115131"]
[BlackFideId "2040506"]
[WhiteElo "2446"]
[BlackElo "2983"]
[Result "0-1"]
[Round "04"]
[TimeControl "180+1"]
[Date "2021.05.11"]
[WhiteClock "0:00:37"]
[BlackClock "0:01:58"]

1. Nc3 g6 2. h4 d5 3. d4 h5 4. Nf3 Nf6 5. Bg5 Bg7 6. Bxf6 exf6 7. e4 dxe4 8. Nxe4 Qe7 9. Qe2 O-O 10. O-O-O Re8 11. Nc3 Bg4 12. Re1 Nc6 13. Qxe7 Nxe7 14. Nd2 Rad8 15. Nb3 c6 16. Bd3 b6 17. f3 Be6 18. Ne2 Nd5 19. Be4 Ne3 20. Nf4 Bh6 21. Nxe6 Nxg2+ 22. Kb1 Rxe6 23. Rd1 f5 24. Bd3 Nf4 25. Bc4 Re3 26. Rhf1 Kf8 27. Nc1 Bg7 28. c3 Bf6 0-1


[Site "https://www.chess.com"]

[Event "Titled Tuesday Blitz May 11 2021"]
[White "Kollars, Dmitrij"]
[Black "Goltsev, Dmitry"]
[WhiteFideId "12909572"]
[BlackFideId "24176710"]
[WhiteElo "2576"]
[BlackElo "2366"]
[Result "0-1"]
[Round "04"]
[TimeControl "180+1"]
[Date "2021.05.11"]
[WhiteClock "0:00:11"]
[BlackClock "0:00:22"]

1. Nf3 d5 2. d4 Nf6 3. c4 e6 4. Nc3 Bb4 5. Bd2 Bxc3 6. Bxc3 Ne4 7. Qc2 a5 8. e3 O-O 9. Bd3 f5 10. O-O b6 11. Ne5 Nd7 12. Nc6 Qe8 13. Rac1 Bb7 14. cxd5 exd5 15. Be1 Rf6 16. Bb5 Nd6 17. a4 Nxb5 18. axb5 Bxc6 19. bxc6 Nb8 20. Qb3 Qf7 21. f3 Nxc6 22. Bg3 Rc8 23. Rc3 Nb4 24. Be5 Rg6 25. e4 f4 26. Rfc1 c6 27. Re1 Rg5 28. Re2 c5 29. Bd6 c4 30. Qa4 Nc6 31. Rd2 dxe4 32. Qxc4 Qxc4 33. Rxc4 b5 34. Rc1 exf3 35. Bxf4 Rxg2+ 36. Rxg2 fxg2 37. Rc5 Na7 38. Bc7 Kf7 39. d5 a4 40. Kxg2 Ke7 41. d6+ Kd7 42. Rf5 Ke6 43. Rc5 g6 44. Re5+ Kxe5 45. d7+ Kd5 46. dxc8=Q Nxc8 47. Kf3 Nd6 48. Ba5 Kc4 49. Kf4 b4 50. Ke5 Nb5 51. Kf6 a3 52. bxa3 bxa3 0-1


[Site "https://www.chess.com"]

[Event "Titled Tuesday Blitz May 11 2021"]
[White "Lintchevski, Daniil"]
[Black "Costachi, Mihnea"]
[WhiteFideId "4171055"]
[BlackFideId "1217518"]
[WhiteElo "2505"]
[BlackElo "2479"]
[Result "1-0"]
[Round "04"]
[TimeControl "180+1"]
[Date "2021.05.11"]
[WhiteClock "0:00:30"]
[BlackClock "0:00:33"]

1. e4 e5 2. Nf3 Nf6 3. Nc3 Nc6 4. d4 exd4 5. Nxd4 Bb4 6. Nxc6 bxc6 7. Bd3 d5 8. exd5 O-O 9. O-O cxd5 10. h3 h6 11. Qf3 Re8 12. Bf4 c6 13. Rad1 Bd6 14. Ne2 Rb8 15. b3 Be6 16. Nd4 Qc7 17. Bxh6 Be5 18. Nxe6 Rxe6 19. Bc1 Rbe8 20. Bf5 R6e7 21. Bg5 Qd6 22. c4 d4 23. g3 g6 24. Bd3 Re6 25. Kg2 Nd7 26. Rde1 Bg7 27. Rxe6 Rxe6 28. Bf4 Ne5 29. Bxe5 Qxe5 30. Rd1 f5 31. Rd2 Qe1 32. Re2 Rxe2 33. Qxe2 Qxe2 34. Bxe2 c5 35. f4 Kf7 36. Kf3 Kf6 37. g4 fxg4+ 38. hxg4 g5 39. fxg5+ Kxg5 40. Ke4 Bf8 41. Bd1 Be7 42. a4 a5 43. Kd5 Kf4 44. Kc6 Ke3 45. g5 Kd2 46. g6 Bf8 47. Bg4 Kc2 48. Kb5 Kxb3 49. Be2 Kc3 50. Kxa5 d3 51. Bxd3 Kxd3 52. Kb5 Ke4 53. a5 Kf5 54. a6 Kxg6 55. a7 Kf5 56. a8=Q Be7 57. Qd5+ Kf6 58. Kc6 Kg7 59. Kd7 Bf6 60. Ke6 Bd4 61. Qf5 Kh6 62. Kf7 Bf6 63. Qg6# 1-0


[Site "https://www.chess.com"]

[Event "Titled Tuesday Blitz May 11 2021"]
[White "Lobanov, Sergei"]
[Black "Artemiev, Vladislav"]
[WhiteFideId "24183750"]
[BlackFideId "24101605"]
[WhiteElo "2392"]
[BlackElo "2783"]
[Result "0-1"]
[Round "04"]
[TimeControl "180+1"]
[Date "2021.05.11"]
[WhiteClock "0:00:04"]
[BlackClock "0:01:59"]

1. e4 g6 2. d4 Bg7 3. Nc3 c6 4. Nf3 d5 5. h3 dxe4 6. Nxe4 Nf6 7. Nxf6+ exf6 8. Bd3 O-O 9. O-O Re8 10. c4 Na6 11. Bf4 Nc7 12. Bc2 f5 13. Bg5 Qd7 14. Ne5 Qd6 15. Bb3 c5 16. Ba4 Rf8 17. Re1 f6 18. Bf4 fxe5 19. Bxe5 Bxe5 0-1


[Site "https://www.chess.com"]

[Event "Titled Tuesday Blitz May 11 2021"]
[White "Lomasov, Semyon"]
[Black "Mikhalevski, Victor"]
[WhiteFideId "24164879"]
[BlackFideId "2801914"]
[WhiteElo "2445"]
[BlackElo "2567"]
[Result "1/2-1/2"]
[Round "04"]
[TimeControl "180+1"]
[Date "2021.05.11"]
[WhiteClock "0:00:04"]
[BlackClock "0:00:03"]

1. e4 e5 2. Nf3 Nc6 3. d4 exd4 4. Nxd4 Nf6 5. Nxc6 bxc6 6. Qe2 Qe7 7. Nc3 d5 8. exd5 Nxd5 9. Nxd5 cxd5 10. Bf4 c6 11. O-O-O Qxe2 12. Bxe2 Be6 13. c4 Bc5 14. cxd5 cxd5 15. Be3 Bxe3+ 16. fxe3 Rc8+ 17. Kd2 Ke7 18. Rhf1 Kd6 19. Rf4 Rb8 20. b3 Rhc8 21. Rdf1 Rc7 22. Ra4 Rbc8 23. Bd3 h6 24. Rff4 Ke5 25. h4 g5 26. Rf1 Rb8 27. Rc1 Rxc1 28. Kxc1 Rc8+ 29. Kd2 Rc7 30. hxg5 hxg5 31. Ra5 g4 32. g3 f5 33. b4 Rh7 34. b5 Rh2+ 35. Kc3 Rh7 36. Ra6 Rc7+ 37. Kd2 Bd7 38. a4 d4 39. exd4+ Kxd4 40. Rg6 Ke5 41. a5 Rc5 42. b6 axb6 43. axb6 Bc6 44. Rg7 Ra5 45. b7 Ra2+ 46. Kc3 Bxb7 47. Rxb7 Rg2 48. Rb5+ Kd6 49. Rxf5 Rxg3 50. Kd4 Rf3 51. Rg5 g3 52. Rg6+ Ke7 53. Ke4 Rf6 54. Rxg3 Kd6 55. Bc4 Kc5 56. Rg4 Rf8 57. Be6 Rf1 58. Bf5 Re1+ 59. Kf4 Kd4 60. Rg3 Rf1+ 61. Kg5 Ke5 62. Re3+ Kd4 63. Rd3+ Ke5 64. Re3+ Kd4 65. Re8 Rg1+ 66. Kf6 Rf1 67. Rd8+ Kc5 68. Ke5 Rh1 69. Rc8+ Kb5 70. Kd4 Rh4+ 71. Be4 Kb4 72. Rb8+ Ka4 73. Kd5 Rg4 74. Bd3 Rb4 75. Bc2+ Ka3 76. Rc8 Kb2 77. Bd3 Rf4 78. Be4 Rf7 79. Kd4 Rd7+ 80. Bd5 Rd6 81. Rb8+ Kc2 82. Ra8 Rd7 83. Ra2+ Kb1 84. Rh2 Rd8 85. Kc4 Rc8+ 86. Kd3 Kc1 87. Bc4 Rf8 88. Kc3 Rd8 89. Rc2+ Kd1 90. Rb2 Ke1 91. Rg2 Rc8 92. Re2+ Kd1 93. Re5 Rc7 94. Rf5 Re7 95. Rf1+ Re1 96. Rf2 Re3+ 97. Bd3 Re7 98. Rf6 Rc7+ 99. Bc4 Re7 100. Rf4 Re8 101. Rf5 Re3+ 102. Bd3 Re7 103. Rf8 Rc7+ 104. Bc4 1/2-1/2


[Site "https://www.chess.com"]

[Event "Titled Tuesday Blitz May 11 2021"]
[White "Nakamura, Hikaru"]
[Black "Timmermans, Mark"]
[WhiteFideId "2016192"]
[BlackFideId "1026399"]
[WhiteElo "2900"]
[BlackElo "2460"]
[Result "1-0"]
[Round "04"]
[TimeControl "180+1"]
[Date "2021.05.11"]
[WhiteClock "0:00:58"]
[BlackClock "0:01:07"]

1. e4 e5 2. Nf3 Nc6 3. Bb5 f5 4. d3 fxe4 5. dxe4 Nf6 6. O-O d6 7. Bc4 Na5 8. Bd3 Be7 9. a3 O-O 10. b4 Nc6 11. Bc4+ Kh8 12. Qd3 Qe8 13. Nbd2 Nh5 14. g3 Bh3 15. Re1 Qg6 16. Qe3 Nd4 17. Nxd4 exd4 18. Qb3 Bg5 19. Nf1 Bg4 20. f4 Bxf4 21. gxf4 Bf3+ 22. Ng3 Nxf4 23. Bxf4 Rxf4 24. e5 Raf8 25. Qd3 Qg5 26. exd6 Rg4 27. Qxf3 1-0


[Site "https://www.chess.com"]

[Event "Titled Tuesday Blitz May 11 2021"]
[White "Oparin, Grigoriy"]
[Black "Livaic, Leon"]
[WhiteFideId "24125890"]
[BlackFideId "14531534"]
[WhiteElo "2628"]
[BlackElo "2540"]
[Result "1-0"]
[Round "04"]
[TimeControl "180+1"]
[Date "2021.05.11"]
[WhiteClock "0:00:24"]
[BlackClock "0:00:02"]

1. b3 Nf6 2. Bb2 b6 3. Nf3 Bb7 4. g3 g6 5. Bg2 Bg7 6. c4 c5 7. O-O O-O 8. d4 cxd4 9. Qxd4 d6 10. Nc3 Ne4 11. Qd3 Nxc3 12. Bxc3 Bxc3 13. Qxc3 Nd7 14. Rad1 Nf6 15. Qe3 Rc8 16. h4 Rc5 17. Rd4 a6 18. Rfd1 Qc7 19. b4 Bxf3 20. bxc5 bxc5 21. R4d3 Bxg2 22. Kxg2 Rb8 23. Rb3 Rb4 24. Qc3 a5 25. Rdb1 Qc6+ 26. f3 Qa4 27. a3 Rxc4 28. Qe3 Kg7 29. Qxe7 Rc2 30. Rb7 Qc4 31. Kf1 h6 32. Re1 Qd5 33. Ra7 c4 34. Qc7 Qe6 35. Rxa5 Qh3+ 36. Kf2 Qh2+ 37. Ke3 Qxg3 38. Rb1 g5 39. hxg5 hxg5 40. Rf5 Ng4+ 41. Kd4 Qf2+ 42. Kd5 Ne3+ 43. Kxd6 Nxf5+ 44. Kc6 Nd4+ 45. Kb7 Qe3 46. Qc5 Ne6 47. Qxe3 1-0


[Site "https://www.chess.com"]

[Event "Titled Tuesday Blitz May 11 2021"]
[White "Ortiz Suarez, Isan Reynaldo"]
[Black "dropstoneDP"]
[WhiteFideId "3507165"]
[WhiteElo "2539"]
[BlackElo "2891"]
[Result "0-1"]
[Round "04"]
[TimeControl "180+1"]
[Date "2021.05.11"]
[WhiteClock "0:01:17"]
[BlackClock "0:02:21"]

1. e4 e6 2. d4 d5 3. Nd2 a6 4. Ngf3 c5 5. c3 cxd4 6. Nxd4 Nc6 7. Nxc6 bxc6 8. Bd3 Bd6 9. O-O Ne7 10. Qe2 O-O 11. Nf3 Ng6 12. e5 Bc7 13. Bg5 f6 14. exf6 gxf6 15. Bh6 Rf7 16. Nd4 Qd6 17. g3 c5 18. Qf3 0-1


[Site "https://www.chess.com"]